Cogmind - Beta 10.2 @@@ ROGUE MODE // 2020.10.31 @ 20:25:59 // Halloween2020/ForbiddenLore Player: aperiodic Result: Destroyed by 8R-AWN with 8R-AWN's Boregun Performance ------------- Evolutions (0) 0 Regions Visited (3) 600 Robots Destroyed (29) 145 Value Destroyed (361) 361 Prototype IDs (27) 540 Alien Tech Used (0) 0 Bonus (-1138) -1138 TOTAL SCORE: 508 Bonus ------- Aligned with FarCom 300 Friendly Fire -1438 Cogmind --------- Core Integrity 0/250 Matter 226/300 Energy 140/140 System Corruption 22% Temperature Cool (0) Movement Treading (157) Location -10/Exiles Parts ------- > --- POWER (1) -------- Light Deuterium Engine > --- PROPULSION (2) --- Armored Treads Advanced Treads > --- UTILITY (2) ------ (None) > --- WEAPON (2) ------- Latent Energy Streamer Light Assault Rifle > --- INVENTORY (4) ---- Large Matter Pod (114) Flak Cannon Plasma Cutter Peak State ------------ > --- POWER ------------ Ion Engine > --- PROPULSION ------- Armored Treads Advanced Treads > --- UTILITY ---------- Light Armor Plating Light Armor Plating > --- WEAPON ----------- Latent Energy Streamer Guided Plasma Cannon > --- INVENTORY -------- Light Deuterium Engine Light Assault Rifle Flak Cannon [Rating: 27] Favorites ----------- Power Ion Engine Engine Ion Engine Propulsion Wheel Treads Advanced Treads Wheel Wheel Utility High-capacity Storage Unit Device Heat Sink Storage High-capacity Storage Unit Processor Improved Targeting Computer Protection Light Armor Plating Weapon Light Assault Rifle Energy Gun Small Laser Energy Cannon Latent Energy Streamer Ballistic Gun Light Assault Rifle Ballistic Cannon Flak Cannon Special Weapon Plasma Cutter Build | -11 -10 -10 -10 ------- Run | Scr Mat Min Exi Slots Evolved . | . . . . Power . | . . . . Propulsion . | . . . . Utility . | . . . . Weapon . | . . . . Parts Attached 47 | 5 12 6 24 Power 7 | 1 1 . 5 Engine 7 | 1 1 . 5 Core . | . . . . Reactor . | . . . . Propulsion 14 | 2 4 3 5 Treads 8 | . 2 3 3 Leg . | . . . . Wheel 6 | 2 2 . 2 Hover . | . . . . Flight . | . . . . Utility 10 | 1 4 1 4 Device 1 | . 1 . . Storage 6 | 1 2 1 2 Processor 1 | . 1 . . Hackware . | . . . . Protection 2 | . . . 2 Artifact . | . . . . Weapon 16 | 1 3 2 10 Energy Gun 3 | 1 2 . . Energy Cannon 6 | . . . 6 Ballistic Gun 4 | . . 2 2 Ballistic Cannon 1 | . . . 1 Launcher . | . . . . Special Weapon 2 | . 1 . 1 Impact Weapon . | . . . . Slashing Weapon . | . . . . Piercing Weapon . | . . . . Special Melee Weapon . | . . . . Unidentified Prototypes . | . . . . Parts Lost 5 | . . 2 3 Power 1 | . . . 1 Propulsion . | . . . . Utility 2 | . . . 2 Weapon 2 | . . 2 . Highest Loss Streak 3 | . . 1 3 Average Slot Usage (%) 99 | . 97 100 99 Engine 14 | . 14 14 14 Treads 19 | . 10 21 21 Wheel 8 | . 17 6 6 Storage 18 | . 17 24 16 Processor 1 | . 5 3 . Protection 7 | . . . 11 Energy Gun 12 | . 27 14 8 Energy Cannon 2 | . . . 4 Ballistic Gun 10 | . . 13 11 Special Weapon 2 | . . . 3 Naked Turns . | . . . . Heaviest Build 71 | 11 40 55 71 Greatest Support 42 | 20 40 42 42 Greatest Overweight (x) 3 | . 1 1 3 Average Overweight (x) 1 | . . 1 1 Largest Inventory Capacity 20 | 6 12 18 20 Average Capacity 13 | 4 9 16 13 Most Carried 20 | 5 11 18 20 Average Carried 11 | 4 8 15 11 Final Capacity 18 | 6 12 18 4 Final Carried 17 | 5 11 17 3 Class Distribution -------------------- 65% | Mutant 28% | Hauler-Mutant 5% | Scavenger-Mutant Dominant Class ---------------- Mutant | -10/Materials Mutant | -10/Mines Mutant | -10/Exiles Resources | -11 -10 -10 -10 ----------- Run | Scr Mat Min Exi Matter Collected 839 | 228 282 74 255 Remotely . | . . . . Salvage Created 833 | . 497 181 155 Parts 52 | . 29 15 8 Haulers Intercepted 2 | . 2 . . Recyclers Shooed 1 | . 1 . . Parts Field Recycled . | . . . . Retrieved Matter . | . . . . Parts Self-Destructed . | . . . . Prevented . | . . . . Kills | -11 -10 -10 -10 ------- Run | Scr Mat Min Exi Combat Hostiles Destroyed 15 | . 11 4 . Guns 12 | . 8 4 . AOE 3 | . 3 . . Classes Destroyed 7 | . 5 1 1 Worker 1 | . . 1 . Hauler 2 | . 2 . . Recycler 2 | . 2 . . Watcher 1 | . 1 . . Swarmer 9 | . 9 . . Grunt 6 | . 2 4 . Assembled 7 | . . . 7 Best Kill Streak 10 | . 10 2 1 Combat Bots Only 6 | . 6 2 . Max Kills in Single Turn 7 | . 3 1 7 Gunslinging . | . . . . Exploded 3 | . 3 . . Melee . | . . . . Uniques/NPCs Destroyed 1 | . . . 1 EX-HEX (-10/Exiles) Combat | -11 -10 -10 -10 -------- Run | Scr Mat Min Exi Damage Taken 1119 | . 286 252 581 Core 258 | . 109 52 97 Absorbed by Shields . | . . . . Core Remaining (%) 100 | 100 . . . Volleys Fired 151 | . 30 26 95 Largest 2 | . 2 2 2 Hottest 120 | . 100 80 120 Shots Fired 233 | . 57 52 124 Gun 166 | . 55 52 59 Cannon 11 | . . . 11 Launcher . | . . . . Special 56 | . 2 . 54 Kinetic 82 | . . 23 59 Thermal 113 | . 30 26 57 Explosive . | . . . . Electromagnetic 38 | . 27 3 8 Robot Hit Streak 28 | . 6 15 28 Robot Miss Streak 3 | . 3 3 2 Penetration Max . | . . . . Secondary Targets 3 | . 2 1 . Max Gunslinging Chain 1 | . 1 1 . Shots Hit Robots 180 | . 33 38 109 Core Hits 69 | . 19 16 34 Critical Hits 7 | . . 1 6 Critical Kills . | . . . . Critical Parts Destroyed 3 | . . 1 2 Melee Attacks . | . . . . Impact . | . . . . Slashing . | . . . . Piercing . | . . . . Sneak Attacks . | . . . . Combat Hostiles . | . . . . Follow-up Attacks . | . . . . Damage Inflicted 2464 | . 570 455 1439 Guns 1192 | . 368 395 429 Cannons 85 | . . . 85 Explosions 1026 | . 202 60 764 Melee . | . . . . Ramming . | . . . . Kinetic 549 | . . 120 429 Thermal 870 | . 326 297 247 Explosive . | . . . . Electromagnetic 1045 | . 244 38 763 Impact . | . . . . Slashing . | . . . . Piercing . | . . . . Highest Corruption 22 | . . . 22 Average Corruption 15 | . . . 15 Corruption Purged . | . . . . Effects 56 | . . . 56 Message Errors 4 | . . . 4 Matter Fused 5 | . . . 5 Heat Flow Errors 3 | . . . 3 Energy Discharges 6 | . . . 6 Parts Rejected 5 | . . . 5 Data Loss (minor) 3 | . . . 3 Data Loss (major) 2 | . . . 2 Misfires 1 | . . . 1 Alerts 1 | . . . 1 Misdirections 6 | . . . 6 Targeting Errors 16 | . . . 16 Weapon Failures 4 | . . . 4 Overload Shots . | . . . . Overflow Damage . | . . . . Projectiles . | . . . . Explosions . | . . . . Melee . | . . . . Knockbacks . | . . . . Impact . | . . . . Kinetic . | . . . . Secondary . | . . . . Self-Inflicted Damage 40 | . 40 . . Shots 1 | . 1 . . Rammed . | . . . . Targets Rammed . | . . . . Kicked . | . . . . Crushed . | . . . . Highest Temperature 263 | . 144 129 263 Average Temperature 69 | . 55 51 87 Received Heat Transfer 156 | . 12 144 . Effects 1 | . . . 1 Energy Bleed 1 | . . . 1 Siege Activations . | . . . . Robots Corrupted . | . . . . Combat Hostiles . | . . . . Parts Fried 1 | . 1 . . Impact Corruptions . | . . . . Robots Melted . | . . . . Combat Hostiles . | . . . . Parts Melted 5 | . . . 5 Heat Transferred 1724 | . 475 625 624 Parts Sabotaged . | . . . . Parts Stolen . | . . . . Parts Stripped . | . . . . Power Chain Reactions 4 | . 2 1 1 Missiles Intercepted . | . . . . Latent Energy Used 1369 | . . . 1369 LE Corruption 22 | . . . 22 Alert | -11 -10 -10 -10 ------- Run | Scr Mat Min Exi Peak Influence 365 | . 365 103 . Initial 7 | . . 7 . Average 102 | . 175 64 . Maximum Alert Level 1 | . 1 . . Low Security (%) 79 | 100 44 100 . Level 1 20 | . 55 . . Level 2 . | . . . . Level 3 . | . . . . Level 4 . | . . . . Level 5 . | . . . . High Security . | . . . . Max Security . | . . . . Squads Dispatched 1 | . . 1 . Investigation 1 | . . 1 . Extermination . | . . . . Reinforcement . | . . . . Assault . | . . . . Garrison . | . . . . Intercept . | . . . . Construction Impeded . | . . . . Haulers Reinforced . | . . . . Stealth | -11 -10 -10 -10 --------- Run | Scr Mat Min Exi Distress Signals . | . . . . Communications Jammed . | . . . . Distress Signals . | . . . . Times Spotted 21 | . 12 8 1 Peak Tracking Total 6 | . 6 2 2 Tactical Retreats 4 | . 1 3 . Traps | -11 -10 -10 -10 ------- Run | Scr Mat Min Exi Traps Triggered . | . . . . Indirectly . | . . . . Trap Hack Attempts . | . . . . Triggered . | . . . . Disarmed . | . . . . Reprogrammed . | . . . . Reused 5 | . . . 5 Traps Extracted . | . . . . Installed 5 | . . . 5 Triggered . | . . . . Machines | -11 -10 -10 -10 ---------- Run | Scr Mat Min Exi Machines Disabled 6 | . 1 1 4 Max in Single Turn 3 | . 1 1 3 Machines Sabotaged . | . . . . Garrisons Compromised . | . . . . Overloaded Fab Kills . | . . . . Fab Network Shutdowns . | . . . . Hacking | -11 -10 -10 -10 --------- Run | Scr Mat Min Exi Machines Accessed 9 | . 6 2 1 Terminals 7 | . 6 1 . Fabricators . | . . . . Repair Stations . | . . . . Recycling Units . | . . . . Scanalyzers . | . . . . Garrison Access . | . . . . Total Hacks 20 | . 15 4 1 Successful 14 | . 10 3 1 Failed 6 | . 5 1 . Catastrophic . | . . . . Database Lockouts . | . . . . Manual 15 | . 11 3 1 Terminals 18 | . 15 3 . Fabricators . | . . . . Repair Stations . | . . . . Recycling Units . | . . . . Scanalyzers . | . . . . Garrison Access . | . . . . Terminal Hacks 9 | . 5 3 1 Robot Analysis 2 | . 1 1 . Prototype ID Bank 2 | . 1 1 . Open Door 1 | . . 1 . Unreport Threat 1 | . 1 . . Locate Traps 2 | . 2 . . EX-Prototype ID Bank 1 | . . . 1 Fabricator Hacks . | . . . . Repair Station Hacks . | . . . . Recycling Unit Hacks . | . . . . Scanalyzer . | . . . . Garrison Access Hacks . | . . . . Unauthorized Hacks 5 | . 5 . . Terminals 5 | . 5 . . Track 1 | . 1 . . Botnet 3 | . 3 . . Operators 1 | . 1 . . Fabricators . | . . . . Repair Stations . | . . . . Recycling Units . | . . . . Scanalyzers . | . . . . Garrison Access . | . . . . Data Cores Recovered . | . . . . Used . | . . . . Hacking Detections 7 | . 6 1 . Full Trace Events . | . . . . Feedback Events . | . . . . Feedback Blocked . | . . . . Robot Schematics Acquired . | . . . . Robots Built . | . . . . Matter . | . . . . Time . | . . . . Total Robot Build Rating . | . . . . Part Schematics Acquired . | . . . . Parts Built . | . . . . Matter . | . . . . Time . | . . . . Total Part Build Rating . | . . . . Parts Repaired . | . . . . Time . | . . . . Parts Recycled . | . . . . Recycled Matter . | . . . . Retrieved Matter . | . . . . Retrieved Components . | . . . . Parts Scanalyzed . | . . . . Part Schematics Acquired . | . . . . Parts Damaged . | . . . . Bothacking | -11 -10 -10 -10 ------------ Run | Scr Mat Min Exi Used RIF Installer . | . . . . Robots Hacked . | . . . . Non-combat . | . . . . Combat . | . . . . Robot Hacks Applied . | . . . . Relay Couplers Released . | . . . . Robots Rewired . | . . . . Allies Hacked . | . . . . Hacks Repelled . | . . . . Allies | -11 -10 -10 -10 -------- Run | Scr Mat Min Exi Total Allies . | . . . . Largest Group . | . . . . Highest-Rated Group . | . . . . Highest-Rated Ally . | . . . . Total Orders . | . . . . Ally Attacks . | . . . . Total Damage . | . . . . Kills . | . . . . Allies Corrupted . | . . . . Allies Melted . | . . . . Intel | -11 -10 -10 -10 ------- Run | Scr Mat Min Exi Robot Analysis Total 2 | . 1 1 . Derelict Logs Recovered 1 | . . 1 . Drone Launches . | . . . . Drone Recoveries . | . . . . Exploration | -11 -10 -10 -10 ------------- Run | Scr Mat Min Exi Turns Passed 2923 | 57 407 625 1834 Spaces Moved 1699 | 60 290 364 985 Core 13 | 13 . . . Treads 868 | . 42 240 586 Legs . | . . . . Wheels 818 | 47 248 124 399 Hover . | . . . . Flight . | . . . . Fastest Speed 50 | 50 80 90 110 Average Speed 133 | 73 97 146 143 Slowest Speed 210 | 80 160 180 210 Overloaded Moves . | . . . . Propulsion Burnouts . | . . . . Robots Hopped . | . . . . Cave-ins Triggered . | . . . . Exploration Rate (%) 45 | 4 47 61 70 Regions Visited 3 Branch Regions 2 Pre-discovered Areas 1 | . . 1 . Known Exits Taken . | . . . . Unknown Exits Taken 3 | 1 1 1 . Scrap Searched 1 | . . 1 . Spaces Dug 2 | . 2 . . Terrain Destroyed 68 | . 7 . 61 Melee . | . . . . Projectile 2 | . 2 . . AOE 66 | . 5 . 61 Terrain Rammed . | . . . . Walls Destroyed . | . . . . Machines Disabled . | . . . . Actions | -11 -10 -10 -10 --------- Run | Scr Mat Min Exi Total 2085 | 73 355 412 1245 Wait 105 | . 4 2 99 Move 1696 | 59 289 363 985 Hop . | . . . . Pick Up 45 | 7 12 11 15 Fast Attach 7 | 5 1 . 1 Attach 19 | . 3 3 13 Detach 2 | . 1 . 1 Swap 21 | . 8 3 10 Drop 34 | 2 7 4 21 Fire 151 | . 30 26 95 Melee . | . . . . Ram . | . . . . Kick . | . . . . Crush . | . . . . Escape Stasis . | . . . . Rewire . | . . . . Trap 5 | . . . 5 Miscellaneous . | . . . . Route ------- -11/Scrapyard -10/Materials -10/Mines (discovered 3 exits: [*Mat x2] / *Exi) -10/Exiles (discovered 1 exit: [*Min]) History --------- Turn | Location | Event 21 | -11/Scrapyard | Discovered new exit (range 16) 58 | -11/Scrapyard | Entered Materials 359 | -10/Materials | Build established: Mutant 363 | -10/Materials | Discovered new exit (range 15) 465 | -10/Materials | Entered Mines 468 | -10/Mines | Met a Derelict bent on vengeance 468 | -10/Mines | Core integrity fell below 50% 534 | -10/Mines | Joined a pair of Derelicts in attacking an 0b10 outpost 577 | -10/Mines | Deemed a non-threat by the Exiles lab entrance 577 | -10/Mines | Discovered new exit (range 5) 593 | -10/Mines | Learned location of Recycling (-7) 603 | -10/Mines | Found a hidden stash of uninstalled traps 643 | -10/Mines | Discovered new exit (range 3) 754 | -10/Mines | Met a Derelict shopkeep closing up shop 872 | -10/Mines | Discovered new exit (range 6) 1090 | -10/Mines | Entered Exiles 1135 | -10/Exiles | Met 8R-AWN 1164 | -10/Exiles | Met EX-HEX 1213 | -10/Exiles | Met EX-BIN 1340 | -10/Exiles | Met EX-DEC 1617 | -10/Exiles | Build established: Hauler-Mutant 1617 | -10/Exiles | Aligned with FarCom system 1619 | -10/Exiles | Given EX-Vault access code 1659 | -10/Exiles | Opened EX-Vault 1672 | -10/Exiles | Found Gui. Plasma Cannon 1677 | -10/Exiles | Found Latent Energy Streamer 1706 | -10/Exiles | Warned to stay clear of 0b10 Research branches 1920 | -10/Exiles | Discovered new exit (range 15) 2243 | -10/Exiles | Attacked by the Exiles 2246 | -10/Exiles | Destroyed EX-HEX 2257 | -10/Exiles | Core integrity fell below 20% 2304 | -10/Exiles | System corruption reached 10% 2441 | -10/Exiles | Build established: Mutant 2924 | -10/Exiles | Destroyed by 8R-AWN with 8R-AWN's Boregun Last Messages --------------- 02892_ Lgt. Armor Plating destroyed. 02894_ System corrupted: Lgt. Assault Rifle targeting data glitched. 02896_ Penetrated by HV Slug. 02896_ Critical hit. 02896_ System corrupted: Lgt. Assault Rifle targeting data glitched. 02898_ System corrupted: Energy discharge (-15). 02898_ Penetrated by HV Slug. 02898_ Critical hit. 02898_ Lgt. Armor Plating destroyed. 02900_ HV Slug penetrates Machine. 02901_ System corrupted: Lgt. Assault Rifle targeting data glitched. 02902_ Penetrated by HV Slug. 02912_ Critical hit. 02912_ Ion Engine destroyed. 02914_ HV Slug penetrates Machine. 02916_ Penetrated by HV Slug. 02916_ HV Slug penetrates Machine. 02918_ Penetrated by HV Slug. 02919_ System corrupted: Lgt. Assault Rifle targeting data glitched. 02924_ Penetrated by HV Slug. Map ----- +----------------------------------------------------+ | ?#" """#??????????????????????????????? | | ?#" """#??????????????????????????????? | | ?#" """#??????????????????????????????? | | ?#" """#??????????????????????????????? | | ?## """"??????????????????????????????? | | ??# """#??????????????????????????????? | | ??#" "X" """"??????????????????????????????? | | ??#" """ #??????????????????????????????? | | ??#" """""""""#??????????????????????????????? | | ?##" ###########??????????????????????????????? | | ##"" #????????????????????????????????????????? | | #"" #????????????????????????????????????????? | | """ ##???????????????????????????????????????? | | "" ##???###########????????????????????????? | | " #####"""""""""##???????????????????????? | | " """ """"##??????????????????????? | | " #??????????????????????? | | """#??????????????????????? | | a"#???????????#####??????? | | " "##?????????##" #??????? | | "###???????#" #??????? | | """""" !!! ""######?##" ##?????? | | #####""" ! ! " ### ###???? | | ????#####" !!! ##### | | ????????## #""" | | ?????????#"""" @ | | ????????## g ;# | | ###??####" ;;## | | ####""" ; #"""""#### | | """" ;;########??# | | ;;;; #?????????? | | #; #?????????? | | " #### #####?????????? | | " "" "" * * #??###?????????????? | | ""## ##""" " " ""# %%%% ;#??????????????????? | | #### ######""" """#; ;##??????????????????? | | #??# #????###""""##;;;;;;;;;#???????????????????? | | ??## ####???######## ##???????????????????? | | ??#! "!#??????????#### ####????????????????????? | | ??#" !#?????????????###???????????????????????? | | ??#" "#???????????????????????????????????????? | | ??# !"" "#???????????????????????????????????????? | | ??########???????????????????????????????????????? | | ?????????????????????????????????????????????????? | | ?????????????????????????????????????????????????? | | ?????????????????????????????????????????????????? | | ?????????????????????????????????????????????????? | | ?????????????????????????????????????????????????? | | ?????????????????????????????????????????????????? | | ?????????????????????????????????????????????????? | +----------------------------------------------------+ Best States ------------- Heat Dissipation 35 Energy Generation 14 Energy Capacity 250 Matter Stores 300 Matter Capacity 300 Sight Range 16 Terrain Scan Density 10 Armor Coverage 300 Evasion (%) 50 Targeting Accuracy 6 Recoil Reduction 2 Item Schematics ----------------- None Robot Schematics ------------------ None Fabricated ------------ Nothing Alien Tech Used ----------------- None Achievements -------------- None Challenges ------------ None Game ------ Seed AbsorptionRagnarokAnalyzer Manual? 0 Play Time 00:35:33 Cumulative 174.5 hours Start 2020.10.31 @ 19:53:10 End 2020.10.31 @ 20:25:59 Sessions 1 Manual Loads 0 Difficulty Rogue Special Mode Halloween2020/ForbiddenLore Game No. 74 Rogue 70 Adventurer 4 Explorer 0 Win Type - Total 1 Types 1/0/0/0/0/0/0/0/0 Lore% 58 Gallery% 69 Achievement% 52 Wizard Run 0 Options --------- ASCII 1 Keyboard 0 Movement Arrows Keybinds 0 Fullscreen 1 Font 18/SmallcapsGlow Map View 76x50 Tactical HUD 1 Map Filters NONE Filters NONE Steam 1 RUN: 36731c98-5f50-4b76-bc9a-ced07f31b067